 Dungeon Crawl Stone Soup version 0.31-a0-771-g505c3d19dc (webtiles) character file.

Game seed: 4631257356076518264

218 Psyclone the Magician (level 5, -5/28 HPs)
             Began as a Deep Elf Fire Elementalist on Sept 16, 2023.
             Slain by a gnoll
             ... wielding a +0 spear
              (7 damage)
             ... on level 4 of the Dungeon.
             The game lasted 00:03:48 (2813 turns).

Psyclone the Magician (Deep Elf Fire Elementalist)  Turns: 2813, Time: 00:03:49

Health: -5/28      AC:  3    Str:  5    XL:     5   Next: 63%
Magic:  7/16       EV: 12    Int: 22    God:
Gold:   136        SH:  0    Dex: 15    Spells: 11/17 levels left

rFire   . . .        a - +0 dagger
rCold   . . .        (no shield)
rNeg    . . .        l - +0 robe
rPois   .            (no helmet)
rElec   .            (no cloak)
rCorr   .            (no gloves)
SInv    .            o - +0 pair of boots
Will    .....        (no amulet)
Stlth   ++           (no ring)
HPRegen 0.24/turn    (no ring)
MPRegen 0.15/turn

%: no passive effects
@: no status effects
A: no striking features
a: no special abilities


You were on level 4 of the Dungeon.
You visited 1 branch of the dungeon, and saw 4 of its levels.

You collected 136 gold pieces.

Inventory:

Hand Weapons
 a - a +0 dagger (weapon)
Armour
 l - a +0 robe (worn)
 o - a +0 pair of boots (worn)
Scrolls
 c - 2 scrolls of identify {unknown}
 e - a scroll of acquirement {unknown}
 f - a scroll of poison {unknown}
 g - 3 scrolls of enchant weapon {unknown}
 i - a scroll of brand weapon {unknown}
 j - 2 scrolls of fog {unknown}
Potions
 b - a potion of magic
 d - a potion of berserk rage {unknown}
 h - a potion of mutation {unknown}
 k - 5 potions of curing {unknown}
 m - a potion of might {unknown}
 n - a potion of invisibility {unknown}


   Skills:
 - Level 2.4 Dodging
 - Level 2.4 Stealth
 + Level 6.5 Spellcasting
 + Level 2.8 Conjurations
 + Level 4.2 Fire Magic


You had 11 spell levels left.
You knew the following spells:

 Your Spells              Type           Power      Damage    Failure   Level
a - Foxfire               Conj/Fire      88%        2x1d8     1%          1
b - Scorch                Fire           50%        2d7       2%          2
e - Inner Flame           Hex/Fire       16%        N/A       11%         3

Your spell library contained the following spells:

 Spells                   Type           Power      Damage    Failure   Level
 Shock                    Conj/Air       52%        1d6       4%          1
 Volatile Blastmotes      Fire/Tloc      32%        2d12      11%         3
 Flame Wave               Conj/Fire      22%        2d8       21%         4
 Swiftness                Air            7%         N/A       26%         3
 Fireball                 Conj/Fire      11%        3d7       50%         5
 Airstrike                Air            3%         2d(1-17)  65%         4
 Cause Fear               Hex            3%         N/A       65%         4
 Yara's Violent Unravell  Hex/Tmut       3%         3d4       94%         5
 Enfeeble                 Hex            3%         N/A       100%        7
 Dragon's Call            Summ           3%         N/A       100%        9


Dungeon Overview and Level Annotations

Branches:
Dungeon (4/15) Zot: 21187
 Temple: D:4-7

Altars:
Ashenzari
Trog
Wu Jian


Message History

The gnoll hits you from afar with a +0 spear.
The gnoll barely misses you.
You take 3 damage, and have 9/28 hp.
You now have 10/15 mp.
Casting: Foxfire (safe; 2% risk of failure)
Confirm with . or Enter, or press ? or * to list all spells.
You conjure some foxfire!
The foxfire hits the gnoll.
The gnoll is moderately wounded.
The foxfire hits the gnoll!
The gnoll is almost dead.
The gnoll hits you with a +0 club.
* * * LOW HITPOINT WARNING * * *
The gnoll hits you from afar with a +0 spear.
* * * LOW HITPOINT WARNING * * *
The gnoll misses you.
Casting: Foxfire (safe; 2% risk of failure)
Confirm with . or Enter, or press ? or * to list all spells.
You conjure some foxfire!
The foxfire hits the gnoll.
The gnoll is moderately wounded.
The foxfire hits the gnoll.
You kill the gnoll!
The gnoll barely misses you.
The gnoll hits you from afar with a +0 spear.
* * * LOW HITPOINT WARNING * * *
Casting: Foxfire (safe; 1% risk of failure)
Confirm with . or Enter, or press ? or * to list all spells.
You conjure some foxfire!
The foxfire hits the gnoll.
The gnoll is almost dead.
The foxfire hits the gnoll.
You kill the gnoll!
The gnoll hits you from afar with a +0 spear.
* * * LOW HITPOINT WARNING * * *
You take 7 damage, and have 2/28 hp.
MASSIVE DAMAGE!!
You now have 8/16 mp.
Casting: Foxfire (safe; 1% risk of failure)
Confirm with . or Enter, or press ? or * to list all spells.
You conjure some foxfire!
The foxfire hits the gnoll but does no damage.
The foxfire hits the gnoll.
The gnoll is lightly wounded.
The gnoll hits you from afar with a +0 spear!
You die...

..........#
.!.......#
#........##
#..........
#.........#
#.)g)......
#.)v).....#
#.§@§.....#
#.v§.......
#.......#.#
#.......+
#.......#
#+#+##..!.
..... .....


You could see a gnoll (ally target).

Vanquished Creatures
  A water moccasin (D:3)
  An adder (D:2)
  6 gnolls
  A worm (D:3)
  A dart slug (D:1)
  3 bats
  7 endoplasms
  4 goblins
  6 hobgoblins
  6 kobolds
  4 quokkas
  4 ball pythons
  A frilled lizard (D:2)
  3 rats (D:2)
48 creatures vanquished.

Vanquished Creatures (others)
  260 foxfires
260 creatures vanquished.

Grand Total: 308 creatures vanquished

Notes
Turn   | Place    | Note
-------+----------+-------------------------------------------
     0 | D:1      | Psyclone the Deep Elf Fire Elementalist began the quest for
                  | the Orb.
     0 | D:1      | Reached XP level 1. HP: 10/10 MP: 6/6
   227 | D:1      | Reached skill level 4 in Spellcasting
   227 | D:1      | Reached XP level 2. HP: 15/15 MP: 1/9
   989 | D:2      | Found a bloodstained altar of Trog.
  1181 | D:2      | Reached skill level 5 in Spellcasting
  1181 | D:2      | Reached XP level 3. HP: 19/19 MP: 6/11
  2082 | D:3      | Learned a level 2 spell: Scorch
  2086 | D:3      | Learned a level 3 spell: Inner Flame
  2271 | D:3      | Found an ornate altar of the Wu Jian Council.
  2315 | D:3      | Noticed a water moccasin
  2321 | D:3      | Killed a water moccasin
  2322 | D:3      | Reached skill level 6 in Spellcasting
  2322 | D:3      | Reached XP level 4. HP: 24/24 MP: 7/14
  2322 | D:3      | Reached XP level 5. HP: 28/28 MP: 7/15
  2692 | D:3      | Found a broken altar of Ashenzari.
  2813 | D:4      | Slain by a gnoll

Illustrated notes

Levels and vault maps discovered:
D:1:      mrwooster_arrival_statue, layout_basic, grunt_decor_arrowhead
D:2:      layout_basic, basic_altar
D:3:      layout_rooms, mainiacjoe_overflow_surrounded_room,
          lemuel_coloured_pillars_altar
D:4:      layout_basic, lemuel_tele_altar, nicolae_qazlal_beasts_of_the_sky

Skill      XL: |  1  2  3  4  5 |
---------------+----------------+-----
Spellcasting   | 4 5 6 |  6.5
Conjurations   | 2 |  2.8
Fire Magic     | 4 |  4.2
Dodging        | |  2.4
Stealth        | |  2.4

Action                     |  1- 3 |  4- 6 || total
---------------------------+-------+-------++-------
   Cast: Foxfire           |   111 |    38 ||   149
 Armour: Robe              |     1 |    10 ||    11
  Dodge: Dodged            |     4 |    11 ||    15

Table legend: (Time is in decaauts)
 A = Elapsed time spent in this place.
 B = Non-inter-level travel time spent in this place.
 C = Inter-level travel time spent in this place.
 D = Time resting spent in this place.
 E = Time spent auto-exploring this place.
 F = Levels seen in this place.
 G = Mean time per level.
                   A        B        C        D        E       F      G
               +--------+--------+--------+--------+--------+-----+--------+
         Total |   2811 |   2745 |     66 |      0 |   2445 |   4 |  702.8 |
       Dungeon |   2811 |   2745 |     66 |      0 |   2445 |   4 |  702.8 |
               +--------+--------+--------+--------+--------+-----+--------+

Top non-repeatable levels by time:
     D:2: 1148 daAuts
     D:1: 914 daAuts
     D:3: 740 daAuts
     D:4: 8 daAuts
